 Dungeon Crawl Stone Soup version 0.23-a0-488-g5fd82c5 (webtiles) character file.

11151 XanderDroid the Cleaver (level 11, -2/151 HPs)
             Began as a Minotaur Berserker on Dec 1, 2018.
             Was a High Priest of Trog.
             Slain by a freezing wraith (17 damage)
             ... on level 11 of the Dungeon.
             The game lasted 00:37:42 (10285 turns).

XanderDroid the Cleaver (Minotaur Berserker)       Turns: 10285, Time: 00:37:42

Health: -2/151     AC: 18    Str: 28    XL:     11   Next: 45%
Magic:  0/10       EV: 12    Int:  4    God:    Trog [*****.]
Gold:   734        SH:  0    Dex: 12    Spells: 10/10 levels left

rFire    . . .     SeeInvis .   a - +1 war axe
rCold    . . .     Gourm    .   (no shield)
rNeg     + . .     Faith    .   y - +0 plate armour
rPois    .         Spirit   +   (helmet restricted)
rElec    .         Reflect  .   D - scarf {Spirit}
rCorr    +         Harm     .   h - +1 pair of gloves
MR       .....                  v - +0 pair of boots
Stlth    ..........             (no amulet)
HPRegen  0.35/turn              i - ring of positive energy
MPRegen  0.12/turn              s - ring of resist corrosion

@: berserking, slowed
A: retaliatory headbutt, horns 2
a: Berserk, Trog's Hand, Brothers in Arms, Renounce Religion


You were on level 11 of the Dungeon.
You worshipped Trog.
Trog was extremely pleased with you.
You were very hungry.

You visited 2 branches of the dungeon, and saw 13 of its levels.

You collected 888 gold pieces.
You spent 154 gold pieces at shops.

Inventory:

Hand Weapons
 a - a +1 war axe (weapon)
 b - a +4 spear
Missiles
 p - a throwing net (quivered)
Armour
 h - a +1 pair of gloves (worn)
 v - a +0 pair of boots (worn)
 y - a +0 plate armour (worn)
 D - a scarf of spirit shield (worn)
Jewellery
 i - a ring of positive energy (left hand)
 s - a ring of resist corrosion (right hand)
Wands
 e - a wand of flame (38)
 f - a wand of acid (27)
 F - a wand of iceblast (11)
Scrolls
 d - 4 scrolls of remove curse
 m - 3 scrolls of teleportation
 o - a scroll of fear {unknown}
 q - 4 scrolls of enchant weapon
 r - a scroll of holy word {unknown}
 t - a scroll of amnesia {unknown}
 w - a scroll of enchant armour
 x - a scroll of immolation {unknown}
 A - a scroll of summoning {unknown}
Potions
 g - a potion of agility
 j - 2 potions of resistance
 k - a potion of invisibility
 l - 6 potions of curing
 u - 3 potions of cancellation
 z - a potion of haste
 B - a potion of ambrosia
 C - 2 potions of mutation
Comestibles
 c - 24 rations
 n - 2 chunks of flesh


   Skills:
 + Level 10.4 Fighting
 * Level 13.7 Axes
 + Level 10.0 Armour
 + Level 9.2 Dodging


You had 10 spell levels left.
You didn't know any spells.
Your spell library was empty.

Dungeon Overview and Level Annotations

Branches:
Dungeon (12/15)            Temple (1/1) D:6            Lair (0/6) D:11
    Orc (0/2) D:9

Altars:
Ashenzari
Cheibriados
Dithmenos
Elyvilon
Fedhas
Gozag
Hepliaklqana
Kikubaaqudgha
Makhleb
Nemelex Xobeh
Okawaru
Qazlal
Ru
Sif Muna
Trog
Uskayaw
Vehumet
Wu Jian
Xom
Yredelemnul
Zin
The Shining One

Shops:
D:5 :   D:9 *   D:10 :   D:12 *

Annotations:
D:11 3 runed doors, Lavandula's ghost, novice NaAE


Innate Abilities, Weirdness & Mutations

You reflexively headbutt those who attack you in melee.
You have a pair of horns on your head.


Message History

A red film seems to cover your vision as you go berserk!
You feel yourself moving faster!
You feel mighty!
You are feeling very hungry.
The manticore bites you!
* * * LOW HITPOINT WARNING * * *
The manticore claws you!
* * * LOW HITPOINT WARNING * * *
The manticore claws you.
* * * LOW HITPOINT WARNING * * *
The freezing wraith hits you but does no damage.
The freezing wraith hits you.
* * * LOW HITPOINT WARNING * * *
The manticore barely misses you.
The manticore claws you but does no damage.
The manticore completely misses you.
You feel a strong urge to attack something.
The freezing wraith hits you!
* * * LOW HITPOINT WARNING * * *
The freezing wraith freezes you!!
You die...

..................#
..................#
..................#
..................#
..................#
................†)#
.................H#
................W>#
................@>#
..................#
..................#
..................#
..................#
..................#
..................#
.....>............#
..................#


You could see a manticore and a freezing wraith.

Vanquished Creatures
  3 ugly things
  A gargoyle (D:11)
  A troll (D:11)
  4 hippogriffs
  A wraith (D:11)
  Eustachio (D:5)
  13 yaks
  An acid dragon (D:11)
  Duvessa (D:5)
  2 ice beasts
  2 sky beasts
  2 orc warriors
  8 ogres
  A black bear (D:11)
  3 phantoms
  6 centaurs
  Blork the orc (D:4)
  9 bullfrogs
  5 gnoll sergeants
  A scorpion (D:10)
  Dowan (D:5)
  13 killer bees
  A howler monkey (D:4)
  A crimson imp (D:6)
  3 bullfrog zombies
  2 quasits
  11 hounds
  A bullfrog skeleton (D:8)
  2 gnoll shamans (D:10)
  11 orc priests
  Crazy Yiuf (D:5)
  5 centaur skeletons
  5 jellies
  11 orc wizards
  2 iguanas
  7 worker ants
  A hound zombie (D:5)
  A hound skeleton (D:4)
  A howler monkey zombie (D:11)
  2 worker ant zombies
  28 gnolls
  12 adders
  4 shadow imps
  7 oozes
  3 adder skeletons
  An adder zombie (D:8)
  A worm (D:2)
  3 dart slugs
  10 leopard geckos
  44 orcs
  3 giant cockroaches
  5 goblins
  9 hobgoblins
  4 jackals (D:10)
  7 kobolds
  6 quokkas
  12 bats
  7 frilled lizards
  2 quokka skeletons (D:4)
  5 rats
321 creatures vanquished.

Notes
Turn   | Place    | Note
-------+----------+-------------------------------------------
     0 | D:1      | XanderDroid the Minotaur Berserker began the quest for the
                  | Orb.
     0 | D:1      | Reached XP level 1. HP: 19/19 MP: 0/0
   210 | D:1      | Reached XP level 2. HP: 22/27 MP: 1/1
   215 | D:1      | Reached skill level 4 in Axes
   976 | D:2      | Reached XP level 3. HP: 33/33 MP: 2/2
  1065 | D:2      | Found a bloodstained altar of Trog.
  1543 | D:3      | Reached XP level 4. HP: 26/40 MP: 3/3
  1545 | D:3      | Noticed an ogre
  1566 | D:3      | Killed an ogre
  1566 | D:3      | Reached skill level 5 in Axes
  1566 | D:3      | Reached XP level 5. HP: 40/47 MP: 4/4
  1568 | D:3      | Reached ** piety under Trog
  1624 | D:3      | HP: 2/47 [poisoned by an adder]
  2014 | D:3      | Reached skill level 6 in Axes
  2014 | D:3      | Reached XP level 6. HP: 52/55 MP: 5/5
  2246 | D:3      | Found a glowing golden altar of the Shining One.
  2297 | D:3      | Found a blossoming altar of Fedhas.
  2430 | D:3      | Reached skill level 5 in Fighting
  2940 | D:4      | Reached *** piety under Trog
  2940 | D:4      | Reached XP level 7. HP: 58/61 MP: 6/6
  3002 | D:4      | Reached skill level 7 in Axes
  3308 | D:4      | Noticed Blork the orc
  3315 | D:4      | Killed Blork the orc
  3315 | D:4      | Received a gift from Trog
  3434 | D:5      | Entered Level 5 of the Dungeon
  3526 | D:5      | Noticed Eustachio
  3536 | D:5      | Killed Eustachio
  3536 | D:5      | Reached skill level 5 in Armour
  3607 | D:5      | Noticed Duvessa
  3608 | D:5      | Noticed Dowan
  3715 | D:5      | Reached skill level 8 in Axes
  3741 | D:5      | Reached XP level 8. HP: 67/70 MP: 7/7
  3961 | D:5      | Found a runed door.
  3969 | D:5      | Noticed Crazy Yiuf
  3972 | D:5      | Killed Crazy Yiuf
  3972 | D:5      | Reached skill level 5 in Dodging
  4059 | D:5      | Found Gorum's Book Shoppe.
  4078 | D:5      | Killed Dowan
  4106 | D:5      | Killed Duvessa
  4438 | D:6      | Found a staircase to the Ecumenical Temple.
  4462 | Temple   | Entered the Ecumenical Temple
  4558 | D:6      | Reached skill level 9 in Axes
  4635 | D:6      | Reached **** piety under Trog
  5389 | D:7      | Found an ancient bone altar of Kikubaaqudgha.
  5481 | D:7      | Reached XP level 9. HP: 79/79 MP: 8/8
  5729 | D:8      | Reached skill level 10 in Axes
  5857 | D:8      | Found a stormy altar of Qazlal.
  5885 | D:8      | Found an opulent altar of Gozag.
  6126 | D:8      | Reached ***** piety under Trog
  6247 | D:8      | Found a basalt altar of Yredelemnul.
  6247 | D:8      | Found a shimmering altar of Xom.
  6679 | D:9      | Reached skill level 11 in Axes
  6817 | D:9      | Reached XP level 10. HP: 60/90 MP: 5/9
  6951 | D:9      | Found Soabej's General Store.
  7001 | D:9      | Bought a potion of cancellation for 88 gold pieces
  7001 | D:9      | Bought a scroll of teleportation for 33 gold pieces
  7001 | D:9      | Bought a scroll of identify for 22 gold pieces
  7001 | D:9      | Bought a potion of degeneration for 11 gold pieces
  7034 | D:9      | Found a staircase to the Orcish Mines.
  7079 | D:9      | Found a sparkling altar of Nemelex Xobeh.
  7112 | D:9      | Noticed a +0 dagger
  7113 | D:9      | Noticed a +0 dagger
  7132 | D:9      | Found a hide-covered altar of Uskayaw.
  7185 | D:9      | Found a shadowy altar of Dithmenos.
  7258 | D:9      | Received a gift from Trog
  7347 | D:9      | Found a hazy altar of Hepliaklqana.
  7513 | D:9      | Found a white marble altar of Elyvilon.
  7569 | D:10     | Entered Level 10 of the Dungeon
  7664 | D:10     | Reached skill level 12 in Axes
  8073 | D:10     | Found Utuuh's Book Emporium.
  8772 | D:11     | Noticed a white ugly thing
  8939 | D:10     | Killed a white ugly thing
  8939 | D:10     | Reached skill level 13 in Axes
  8939 | D:10     | Reached XP level 11. HP: 99/99 MP: 7/10
  9027 | D:11     | Got a translucent hand axe
  9048 | D:11     | Identified the +10 hand axe of Past Mistakes {protect,
                  | rElec rC- Str+7} (You found it on level 11 of the Dungeon)
  9073 | D:11     | Reached skill level 10 in Fighting
  9268 | D:11     | Found a staircase to the Lair.
  9320 | D:11     | Noticed a brown ugly thing
  9320 | D:11     | Noticed a brown ugly thing
  9357 | D:11     | Killed a brown ugly thing
  9359 | D:11     | Killed a green ugly thing
  9957 | D:11     | Found a runed gate.
  9957 | D:11     | Found a runed gate.
  9958 | D:11     | Noticed a phantasmal warrior
 10011 | D:11     | Noticed Lavandula's ghost (novice NaAE)
 10022 | D:11     | Found a runed gate.
 10074 | D:12     | Found Ucveff's Assorted Antiques.
 10084 | D:11     | Reached skill level 10 in Armour
 10285 | D:11     | Slain by a freezing wraith

Vault maps used:
D:1:      shiori_arrival_elements
D:2:      lemuel_coloured_pillars_altar, minmay_misc_feat_tower
D:3:      nicolae_overflow_crystal_walls, lemuel_crystal_altar,
          lemuel_flame_loot_1
D:4:      uniq_blork_the_orc
D:5:      first_ration, serial_shops, shop, minmay_misc_feat_iff,
          uniq_crazy_yiuf_cottage, uniq_duvessa, uniq_eustachio
D:6:      minmay_temple_entry_drinking_statues
D:7:      kennysheep_mini
D:8:      gammafunk_temple_overflow_statue,
          nicolae_gozag_cash_rules_everything_around_me, lemuel_doored_altar
D:9:      dancing_weapons_uskayaw, kennysheep_mini_moat,
          nicolae_dithmenos_the_darkroom, elyvilon_altar_3,
          nemelex_xobeh_ov_fountains_minmay, serial_shops, shop,
          hangedman_little_slice_of_home, st_stairs_3
D:10:     serial_gnoll_camp, gnoll_camp_medium_01, gnoll_camp_mini_shop,
          gnoll_camp_huts_basic, gnoll_camp_mini_hut, gnoll_camp_mini_doghouse,
          gnoll_camp_mini_sergeant
D:11:     lair_entry_dummy, gammafunk_ghost_split
D:12:     serial_shops, shop, uniq_frances
Temple:   kb_temple_of_zot

Skill      XL: |  1  2  3  4  5  6  7  8  9 10 11 |
---------------+----------------------------------+-----
Axes           | 4 5 6 8 9 11 13 | 13.7
Fighting       | 4 5 6 7 8 9 10 | 10.4
Armour         | 3 4 5 6 8 9 10 | 10.0
Dodging        | 3 4 6 7 8 9 |  9.2

Action                   |  1- 3 |  4- 6 |  7- 9 | 10-12 || total
-------------------------+-------+-------+-------+-------++-------
Melee: Hand axe          |    78 |    26 |       |       ||   104
       Headbutt          |    13 |    18 |    56 |    73 ||   160
       War axe           |       |    62 |   301 |   323 ||   686
Throw: Throwing net      |       |       |       |     1 ||     1
Invok: Berserk           |       |     2 |     5 |     3 ||    10
  Use: Potion            |       |     1 |       |     1 ||     2
       Scroll            |       |     4 |     6 |     6 ||    16
  Eat: Chunk             |     2 |     6 |    15 |     9 ||    32
       Ration            |       |       |     1 |     1 ||     2
Armor: Ring mail         |    32 |    16 |       |       ||    48
       Chain mail        |       |    38 |   105 |       ||   143
       Plate armour      |       |       |    97 |   199 ||   296
Dodge: Dodged            |    59 |    81 |   159 |   230 ||   529

Table legend:
 A = Non-vault XP
 B = Vault XP
 C = Vault XP percentage of total XP
 D = Non-vault monster count
 E = Vault monster count
 F = Vault count percentage of total count
                 A         B        C        D         E       F
            +---------+---------+-------+---------+---------+-------
      Total |   14185 |    1745 |  11.0 |     268 |      53 |  16.5
            +---------+---------+-------+---------+---------+-------
        D:1 |      30 |       0 |   0.0 |      16 |       0 |   0.0
        D:2 |      43 |       0 |   0.0 |      22 |       0 |   0.0
        D:3 |     405 |       0 |   0.0 |      30 |       0 |   0.0
        D:4 |     380 |     100 |  20.8 |      28 |       1 |   3.4
        D:5 |     483 |     446 |  48.0 |      18 |       4 |  18.2
        D:6 |     382 |       0 |   0.0 |      13 |       0 |   0.0
        D:7 |     796 |       0 |   0.0 |      26 |       0 |   0.0
        D:8 |    1095 |       0 |   0.0 |      28 |       0 |   0.0
        D:9 |    2358 |     285 |  10.8 |      30 |      11 |  26.8
       D:10 |    3968 |     914 |  18.7 |      30 |      37 |  55.2
       D:11 |    4245 |       0 |   0.0 |      27 |       0 |   0.0
            +---------+---------+-------+---------+---------+-------
